Map: Shrines of Lizul

Players

ILIEKEGGPIE

  • Race: Protoss Protoss
  • League: Platinum
  • Spawn Location: 12:00

ConneX

  • Race: Zerg Zerg
  • League: Platinum
  • Spawn Location: 3:00

PickNicker

  • Race: Zerg Zerg
  • League: Platinum
  • Spawn Location: 9:00

EGGrOLL

  • Race: Protoss Protoss
  • Spawn Location: 6:00

VOD

Have the link to the VOD?

Description

Time

  • Played on: April 27, 2018, 4:12 p.m.
  • Length: 10:47
Show
View Real Time Build Order
Export as new Build Order

ILIEKEGGPIE Protoss 

Build Orders: Colossus Rush 

Get SALT Encoding   

  12  0:01  Probe  
  13  0:13  Probe  
  14  0:18  Pylon  
  14  0:25  Probe  
  15  0:33  Probe  
  15  0:41  Probe, Gateway  
  17  0:51  Assimilator  
  17  0:56  Probe  
  18  1:08  Probe  
  19  1:12  Gateway  
  19  1:21  Pylon  
  19  1:22  Probe  
  20  1:47  Pylon  
  20  1:51  Cybernetics Core  
  20  2:11  Zealot  
  20  2:19  Assimilator  
  20  2:21  Adept  
  24  2:29  Warp Gate  
  24  2:33  Pylon  
  24  2:41  Robotics Facility  
  24  2:45  Probe  
  25  2:54  Stalker  
  25  2:57  Probe  
  28  3:11  Nexus  
  21  4:02  Robotics Bay  
  21  4:05  Stalker  
  21  4:06  Probe  
  23  4:14  Probe  
  25  4:24  Probe  
  26  4:43  Probe  
  26  4:45  Probe  
  28  4:51  Probe  
  28  4:54  Colossus  
  28  4:57  Probe  
  28  4:59  Probe  
  37  5:09  Probe  
  38  5:15  Sentry x2  
  34  5:50  Stalker x2  
  38  6:05  Gateway  
  38  6:06  Probe  
  39  6:12  Observer  
  40  6:18  Probe  
  41  6:30  Sentry  
  41  6:31  Probe  
  42  6:43  Probe  
  42  6:47  Stalker, Pylon x2  
  45  7:03  Forge  
  45  7:04  Stalker  
  47  7:11  Probe  
  47  7:15  Observer, Pylon  
  48  7:20  Probe  
  50  7:23  Probe  
  51  7:32  Probe, Extended Thermal Lance  
  51  7:36  Probe  
  53  7:42  Photon Cannon  
  53  7:44  Shield Battery  
  53  7:46  Probe, Photon Cannon  
  53  7:47  Shield Battery  
  53  7:48  Probe  
  55  7:55  Probe  
  55  8:00  Probe  
  55  8:03  Probe  
  57  8:06  Assimilator  
  57  8:12  Probe  
  58  8:25  Assimilator  
  58  8:26  Protoss Ground Weapons Level 1  
  58  8:28  Photon Cannon  
  58  8:32  Stalker x3  
  64  8:38  Probe  
  65  8:48  Probe  
  66  8:50  Probe, Colossus  
  67  9:00  Probe  
  74  9:07  Gateway  
  74  9:12  Gateway  
  74  9:14  Probe x2  
  76  9:26  Probe x2  
  78  9:56  Nexus  
  78  9:57  Pylon  
  78  10:08  Pylon  
  78  10:10  Pylon  
  78  10:15  Probe x2  
  86  10:27  Probe  
Show
View Real Time Build Order
Export as new Build Order

ConneX Zerg 

Build Orders: Pool First 

Get SALT Encoding   

  12  0:03  Drone  
  13  0:08  Drone  
  14  0:20  Extractor  
  14  0:21  Drone  
  14  0:23  Extractor  
  14  0:24  Drone  
  15  0:39  Spawning Pool  
  14  0:45  Extractor  
  14  0:46  Drone  
  15  0:51  Overlord  
  15  1:05  Overlord  
  15  1:10  Drone x2  
  17  1:20  Drone  
  18  1:29  Metabolic Boost  
  18  1:34  Queen  
  20  1:42  Drone  
  20  1:43  Drone  
  22  2:09  Zergling x2  
  22  2:15  Zergling x4  
  25  2:16  Hatchery  
  24  2:23  Overlord  
  24  2:37  Zergling x2  
  25  2:44  Zergling x2  
  25  2:45  Zergling x4  
  28  2:51  Zergling x2  
  28  2:56  Baneling Nest  
  28  2:58  Lair  
  28  3:00  Zergling x2  
  29  3:12  Zergling x2  
  29  3:22  Zergling x6  
  24  3:36  Zergling x2  
  24  3:39  Queen  
  22  4:04  Drone x3  
  22  4:14  Zergling x6, Queen  
  25  4:29  Drone x3  
  28  4:38  Baneling x3  
  28  4:39  Baneling  
  28  4:50  Drone x4  
  32  4:56  Spine Crawler  
  32  4:59  Spine Crawler  
  30  5:18  Zergling x4  
  30  5:19  Zergling x8  
  36  5:51  Drone x2  
  38  6:00  Evolution Chamber x2  
  36  6:05  Extractor  
  36  6:08  Burrow, Roach Warren  
  34  6:16  Overseer  
  28  7:02  Drone x3  
  28  7:03  Drone x5  
  36  7:18  Zerg Ground Armor Level 1  
  36  7:21  Extractor  
  35  7:23  Drone x5  
  35  7:24  Drone  
  35  7:25  Extractor  
  40  7:34  Hatchery  
  39  7:50  Drone  
  39  7:51  Drone x2  
  42  8:01  Overlord  
  42  8:02  Overlord  
  36  8:37  Drone  
  36  8:38  Drone x2  
  39  8:47  Overseer  
  39  8:48  Drone x5  
  44  8:58  Spore Crawler  
  44  9:00  Spore Crawler  
  42  9:06  Queen  
  42  9:07  Drone  
  42  9:08  Drone x2  
  47  9:25  Pneumatized Carapace  
  47  9:28  Drone  
  47  9:29  Drone x4  
  52  9:32  Drone  
  52  9:33  Drone  
  54  10:09  Drone x4  
  54  10:11  Overlord x4  
Show
View Real Time Build Order
Export as new Build Order

PickNicker Zerg 

Build Orders: Pool First 

Get SALT Encoding   

  12  0:01  Drone  
  13  0:10  Drone  
  14  0:20  Extractor  
  13  0:21  Drone  
  13  0:26  Overlord  
  15  0:41  Spawning Pool  
  14  0:54  Drone  
  14  0:55  Drone x2  
  17  0:58  Extractor  
  16  1:13  Drone  
  18  1:18  Drone  
  18  1:27  Queen  
  18  1:29  Drone  
  21  1:38  Drone  
  22  1:59  Overlord  
  22  2:01  Metabolic Boost  
  22  2:04  Overlord  
  22  2:20  Zergling x2  
  23  2:25  Extractor  
  23  2:26  Zergling x2  
  23  2:35  Zergling x2  
  23  2:36  Zergling x4  
  26  2:39  Zergling x2  
  27  2:50  Zergling x2  
  28  3:03  Zergling x2  
  29  3:06  Zergling x2  
  29  3:09  Hatchery  
  29  3:12  Zergling x6  
  32  3:19  Zergling x2  
  26  3:39  Zergling x2  
  27  3:41  Zergling x2  
  27  3:42  Zergling x6  
  30  4:05  Zergling x4  
  30  4:06  Lair  
  24  4:24  Drone  
  24  4:25  Queen  
  24  4:30  Zergling x6  
  30  4:37  Zergling x2  
  31  4:44  Spine Crawler  
  30  4:46  Zergling x2  
  31  4:53  Spine Crawler  
  31  4:54  Drone x3  
  33  5:11  Drone  
  28  5:33  Drone x2  
  29  5:40  Spire  
  26  5:43  Drone x4  
  30  5:54  Drone x4  
  34  5:59  Extractor  
  33  6:10  Zergling x4  
  35  6:14  Drone x2  
  35  6:15  Zergling x2  
  38  6:32  Drone x4  
  42  6:33  Drone x2  
  44  6:43  Extractor  
  40  6:51  Drone  
  41  7:00  Drone  
  42  7:05  Mutalisk  
  42  7:07  Overlord  
  42  7:08  Overlord x2  
  44  7:32  Mutalisk x3  
  44  7:37  Mutalisk x3  
  56  7:48  Drone x3  
  59  7:54  Drone  
  59  7:55  Drone x3  
  63  8:06  Mutalisk x2  
  63  8:09  Overlord x3  
  67  8:22  Hatchery  
  67  8:23  Mutalisk  
  68  8:33  Mutalisk x2  
  72  8:38  Mutalisk x3  
  78  8:49  Mutalisk x5  
  88  8:56  Mutalisk  
  90  9:11  Overlord x2  
  90  9:12  Overlord x2  
  90  9:25  Mutalisk  
  92  9:34  Mutalisk x4  
  92  9:35  Mutalisk x2  
  104  9:42  Mutalisk  
Show
View Real Time Build Order
Export as new Build Order

EGGrOLL Protoss 

Build Orders:  

Get SALT Encoding   

  1  0:00  Probe  
  12  0:05  Probe  
  14  0:15  Probe  
  15  0:23  Pylon  
  15  0:41  Probe  
  15  0:42  Gateway  
  16  0:53  Probe  
  17  1:05  Probe  
  17  1:07  Assimilator  
  17  1:10  Pylon  
  18  1:17  Probe, Gateway  
  19  1:29  Probe  
  20  1:33  Cybernetics Core  
  20  1:37  Probe  
  20  1:39  Assimilator  
  21  1:47  Probe  
  22  1:58  Probe  
  23  2:07  Adept, Forge  
  22  2:11  Warp Gate  
  22  2:16  Adept  
  26  2:33  Adept  
  28  2:44  Photon Cannon  
  28  2:48  Pylon  
  28  2:54  Photon Cannon  
  28  3:07  Probe  
  29  3:16  Twilight Council  
  29  3:25  Photon Cannon  
  27  3:44  Resonating Glaives  
  23  4:05  Dark Shrine  
  23  4:11  Robotics Facility  
  23  4:12  Gateway  
  23  4:20  Sentry  
  23  4:24  Adept  
  27  4:40  Nexus  
  27  4:47  Shield Battery  
  27  4:51  Probe  
  28  4:59  Observer  
  29  5:09  Pylon  
  29  5:13  Shadow Stride  
  29  5:18  Dark Templar x2  
  33  5:37  Gateway  
  33  5:42  Gateway  
  33  6:07  Warp Prism  
  31  6:40  Pylon  
  31  6:46  Probe  
  30  6:47  Assimilator  
  30  6:50  Assimilator  
  30  6:52  Dark Templar x4  
  38  7:01  Probe  
  38  7:02  Protoss Ground Weapons Level 1  
  38  7:03  Probe  
  40  7:09  Probe  
  40  7:15  Probe  
  41  7:19  Probe  
  42  7:26  Probe  
  42  7:28  Probe  
  43  7:34  Probe  
  43  7:36  Probe  
  44  7:42  Probe  
  46  7:45  Probe  
  46  7:50  Dark Templar x2  
  52  7:57  Probe  
  53  8:09  Probe  
  54  8:29  Gateway  
  54  8:32  Gateway  
  54  8:35  Stargate  
  54  8:38  Stargate  
  54  8:43  Charge  
  54  8:44  Pylon  
  54  8:49  Pylon  
  54  8:50  Protoss Ground Armor Level 1  
  54  8:51  Pylon x2  
  54  8:56  Probe  
  54  8:57  Immortal  
  54  8:59  Probe  
  60  9:04  Probe  
  60  9:08  Photon Cannon  
  61  9:11  Probe  
  61  9:15  Stalker  
  64  9:23  Probe  
  65  9:24  Dark Templar x2  
  65  9:26  Archon  
  69  9:35  Oracle  
  72  9:44  Archon  
  72  10:01  Zealot x4  
  72  10:02  Zealot x3  
  78  10:29  Zealot x4  
  78  10:30  Zealot x3  
Tags
 
Add a new tag
Caveats
  • Supply blocks, unpowered buildings, or Contaminate may cause inaccurate times.
  • Supply counts are checked every 10 seconds.